 Dungeon Crawl Stone Soup version 0.17.0-23-g0de4337 (webtiles) character file.

343 HaroldButt the Insei (level 6, 0/32 HPs)
             Began as a Vine Stalker Monk on Nov 13, 2015.
             Slain by an orc
             ... wielding a +0 hand axe
              (2 damage)
             ... on level 4 of the Dungeon.
             The game lasted 00:08:18 (2209 turns).

HaroldButt the Insei (Vine Stalker Monk)            Turns: 2209, Time: 00:08:18

Health: 0/32       AC:  8    Str: 14    XL:     6   Next: 57%
Magic:  0/7        EV: 14    Int: 10    God:
Gold:   224        SH:  0    Dex: 18    Spells: 0 memorised, 5 levels left

rFire  . . .     SeeInvis .       - Unarmed
rCold  . . .     Clarity  .     n - +0 ring mail (curse)
rNeg   . . .     SustAt   .     (no shield)
rPois  .         Gourm    .     m - +0 helmet
rElec  .         Spirit   +     h - +0 cloak
rCorr  .         Warding  .     (no gloves)
rMut   .         Stasis   .     p - +0 pair of boots
MR     .....                    (no amulet)
Stlth  ++........               (no ring)
                                (no ring)

@: not resistant to hostile enchantments, unstealthy
A: fangs 2, regeneration 2, magic shield, antimagic bite, no device heal 3, rot
immunity
a: no special abilities


You were on level 4 of the Dungeon.
You were hungry.

You visited 2 branches of the dungeon, and saw 5 of its levels.

You collected 224 gold pieces.

Inventory:

Missiles
 e - 106 stones (quivered)
 q - 19 poisoned needles
Armour
 h - a +0 cloak (worn)
 m - a +0 helmet (worn)
 n - a cursed +0 ring mail (worn)
 p - a +0 pair of boots (worn)
 x - a +0 shield
Jewellery
 s - a +5 ring of strength {unknown}
Wands
 o - a wand of cold (10)
Scrolls
 a - a scroll of enchant weapon {unknown}
 c - a scroll of recharging {unknown}
 d - 3 scrolls of identify {unknown}
 i - 4 scrolls of enchant armour {unknown}
 k - 2 scrolls of amnesia {unknown}
 l - 3 scrolls of teleportation {unknown}
 r - 2 scrolls of fear {unknown}
 u - a scroll of remove curse {unknown}
 w - a scroll of fog {unknown}
Potions
 f - 3 potions of curing
 g - 2 potions of degeneration {unknown}
 j - a potion of flight {unknown}
 A - a potion of agility {unknown}
Comestibles
 b - 6 bread rations
 t - a slice of pizza
 v - a chunk of flesh
 z - a fruit


   Skills:
 + Level 3.1 Fighting
 - Level 5.0 Dodging
 - Level 2.4 Stealth
 + Level 5.3 Unarmed Combat


You had 5 spell levels left.
You didn't know any spells.

Dungeon Overview and Level Annotations

Branches:
Dungeon (4/15)             Temple (1/1) D:4

Altars:
Ashenzari
Cheibriados
Dithmenos
Elyvilon
Fedhas
Kikubaaqudgha
Makhleb
Nemelex Xobeh
Okawaru
Qazlal
Trog
Vehumet
Xom
The Shining One

Annotations:
D:3 Sigmund


Innate Abilities, Weirdness & Mutations

You have extremely sharp teeth.
You heal very quickly.
When hurt, damage is shared between your health and your magic reserves.
Your bite disrupts and absorbs the magic of your enemies.
Potions and wands cannot restore your health.
You are immune to rotting.


Message History

Something smites you!
* * * LOW HITPOINT WARNING * * *
The hound bites you.
* * * LOW HITPOINT WARNING * * *
The hound stops to sniff the ground.
The hound bites you.
* * * LOW HITPOINT WARNING * * *
The hound bites you but does no damage.
You hit the hound.
You kill the hound!
Your Fighting skill increases to level 3!
The orc priest calls down the wrath of Beogh upon you.
Something smites you!
* * * LOW HITPOINT WARNING * * *
Drink which item? (? for menu, Esc to quit)
It was a potion of curing.
That felt strangely inert.
The orc hits you but does no damage.
Your ring mail prevents you from hitting the orc.
You bite the orc, but do no damage. The orc hits you with a hand axe.
You die...

############
#.######......#...#
#...............#..
.#
########......#...#
.# #.........##
##########
#..########
....o....# #..#
###.####†# #..# #
#+#
#.#############..#
#.....o.o@.......#
###############.##
###############.#
#.†.............#
#################


You could see an orc priest and an orc.

Vanquished Creatures
  A giant frog skeleton (D:4)
  2 hounds (D:4)
  2 orc wizards (D:4)
  A worker ant (D:4)
  4 gnolls (D:2)
  6 adders
  An ooze (D:4)
  4 worms (D:2)
  2 giant geckos
  4 orcs (D:4)
  12 bats
  7 giant cockroaches
  4 hobgoblins
  4 quokkas (D:2)
  5 giant newts
  8 goblins
  9 jackals
  9 kobolds
  4 rats
89 creatures vanquished.

Notes
Turn   | Place    | Note
--------------------------------------------------------------
     0 | D:1      | HaroldButt the Vine Stalker Monk began the quest for the Orb.
     0 | D:1      | Reached XP level 1. HP: 11/11 MP: 2/2
   158 | D:1      | Reached XP level 2. HP: 10/16 MP: 3/3
   349 | D:1      | Reached XP level 3. HP: 17/19 MP: 4/4
   542 | D:1      | Reached skill level 5 in Unarmed Combat
   838 | D:2      | Reached XP level 4. HP: 12/23 MP: 2/5
  1275 | D:2      | Reached XP level 5. HP: 27/27 MP: 6/6
  1645 | D:3      | Noticed Sigmund
  1771 | D:4      | Gained mutation: You heal very quickly. [Vine Stalker growth]
  1771 | D:4      | Reached XP level 6. HP: 16/32 MP: 5/7
  1803 | D:4      | Found a staircase to the Ecumenical Temple.
  1814 | Temple   | Entered the Ecumenical Temple
  1998 | D:4      | Reached skill level 5 in Dodging
  2206 | D:4      | HP: 1/32 [orc priest/divine providence (12)]
  2209 | D:4      | Slain by an orc

Action                   |  1- 3 |  4- 6 || total
-------------------------+-------+-------++-------
Melee: Unarmed           |   121 |   183 ||   304
  Use: Potion            |       |     1 ||     1
 Stab: Sleeping          |     2 |     5 ||     7
  Eat: Chunk             |       |     4 ||     4
